 Dungeon Crawl Stone Soup version 0.32-a0-17-gb74e046682 (webtiles) character file.

Game seed: 8519533842584277676

9 jestert79 the Chopper (level 2, 26/26 HPs)
             Began as a Hill Orc Fighter on Jan 15, 2024.
             Was a Follower of Makhleb.
             Quit the game on level 1 of the Dungeon.
             The game lasted 00:00:23 (256 turns).

jestert79 the Chopper (Hill Orc Fighter)             Turns: 256, Time: 00:00:24

Health: 26/26      AC:  6    Str: 18    XL:     2   Next: 16%
Magic:  2/2        EV:  9    Int:  8    God:    Makhleb [*.....]
Gold:   34         SH:  4    Dex: 10    Spells: 1/1 levels left

rFire   . . .        a - +0 war axe
rCold   . . .        c - +0 buckler
rNeg    . . .        b - +0 scale mail
rPois   .            (no helmet)
rElec   .            (no cloak)
rCorr   .            (no gloves)
SInv    .            (no boots)
Will    .....        (no amulet) Stlth
                     (no ring)
HPRegen 0.24/turn    (no ring)
MPRegen 0.08/turn

%: no passive effects
@: no status effects
A: no striking features
a: Renounce Religion


You were on level 1 of the Dungeon.
You worshipped Makhleb.
Makhleb was aware of your devotion.
You visited 1 branch of the dungeon, and saw 1 of its levels.

You collected 34 gold pieces.

Inventory:

Hand Weapons
 a - a +0 war axe (weapon)
Armour
 b - a +0 scale mail (worn)
 c - a +0 buckler (worn)
Potions
 d - a potion of might


   Skills:
 - Level 3.6 Fighting
 + Level 3.8 Axes
 - Level 3.2 Armour
 - Level 3.2 Shields


You had one spell level left.
You didn't know any spells.
Your spell library was empty.

Dungeon Overview and Level Annotations

Branches:
Dungeon (1/15)

Altars:
Makhleb


Message History

You kill the ball python!
The bat completely misses you.
You have reached level 2!
Found a stone staircase leading down.
The bat hits you but does no damage. The bat hits you but does no damage.
The bat hits you but does no damage. You block the bat's attack.
You closely miss the bat. The bat barely misses you.
The bat hits you but does no damage.
You hit the bat.
You kill the bat!
No target in view!
No target in view!
No target in view!
You now have 25 gold pieces (gained 7).
You open the door.
There is an open door here.
Found a leather armour.
Found a faded altar of an unknown god.
The golden eye turns its gaze towards you.
Found a scale mail.
You now have 34 gold pieces (gained 9).
A hobgoblin comes into view.
The hobgoblin shouts!
A hobgoblin is nearby!
A hobgoblin is nearby!
The shining eye turns its gaze towards you.
You hit the hobgoblin.
You kill the hobgoblin!
No reachable target in view!
No reachable target in view!
No reachable target in view!
No reachable target in view!
There is a faded altar of an unknown god here.
This altar belongs to (a) Zin, (b) Makhleb or (c) Cheibriados, but you can't tell which.
Press the corresponding letter to learn more about a god, or press enter to convert or escape to cancel.
Makhleb accepts your prayer! Makhleb welcomes you!
You can now gain health from killing.
Unknown command.
Press < or > to pray at altars.
Are you sure you want to abandon this character and quit the game? (Confirm with "yes".)

#.# ...# #.#
#.#+########### #.#
#.............. ..#
#..............
#####.###...###...###.
........#...#G#...#G# #
.########...###...###..#
.'......#.#............#
.######.#.#.....@...[..#
.### #.#.#............#
...# #...#.###...###..#
...# #####.#G#[..#G#.##
...# ..###...### # ...#
..... ...# .....
##.##### ......#
.......#


You could see 2 shining eyes and 2 golden eyes.

Vanquished Creatures
  A ball python (D:1)
  A goblin (D:1)
  A hobgoblin (D:1)
  A kobold (D:1)
  3 bats (D:1)
  A frilled lizard (D:1)
  A rat (D:1)
9 creatures vanquished.

Notes
Turn   | Place    | Note
-------+----------+-------------------------------------------
     0 | D:1      | jestert79 the Hill Orc Fighter began the quest for the Orb.
     0 | D:1      | Reached XP level 1. HP: 19/19 MP: 1/1
   189 | D:1      | Reached XP level 2. HP: 24/26 MP: 2/2
   241 | D:1      | Found a faded altar of an unknown god.
   242 | D:1      | Noticed a golden eye
   245 | D:1      | Noticed a shining eye
   249 | D:1      | Noticed a shining eye
   249 | D:1      | Noticed a golden eye
   255 | D:1      | Prayed at the altar of an unknown god.
   255 | D:1      | Became a worshipper of Makhleb the Destroyer
   255 | D:1      | Reached * piety under Makhleb
   256 | D:1      | Quit the game

Illustrated notes

Levels and vault maps discovered:
D:1:      wander_arrival_fairy_ring, layout_basic,
          hellmonk_ecumenical_altar_watching_god, solitary_fountain,
          hangedman_decor_growths, hangedman_decor_clover_reticule

Skill      XL: |  1 |
---------------+----+-----
Axes           | 3 |  3.8
Fighting       | |  3.6
Armour         | |  3.2
Shields        | |  3.2

Action                     || total
---------------------------++-------
  Melee: War axe           ||    27
 Armour: Scale mail        ||    28
  Dodge: Dodged            ||    19
  Block: Buckler           ||    10

Table legend: (Time is in decaauts)
 A = Elapsed time spent in this place.
 B = Non-inter-level travel time spent in this place.
 C = Inter-level travel time spent in this place.
 D = Time resting spent in this place.
 E = Time spent auto-exploring this place.
 F = Levels seen in this place.
 G = Mean time per level.
                   A        B        C        D        E       F      G
               +--------+--------+--------+--------+--------+-----+--------+
         Total |    266 |    266 |      0 |      0 |    190 |   1 |  266.0 |
       Dungeon |    266 |    266 |      0 |      0 |    190 |   1 |  266.0 |
               +--------+--------+--------+--------+--------+-----+--------+

Top non-repeatable levels by time:
     D:1: 266 daAuts
